 Dungeon Crawl Stone Soup version 0.28.0 (webtiles) character file.

Game seed: 2390295344169675783

30 Selrock the Sneak (level 3, 0/16 HPs)
             Began as a Spriggan Enchanter on Feb 11, 2022.
             Was a Follower of Qazlal.
             Succumbed to an adder's poison
             ... on level 1 of the Dungeon.
             The game lasted 00:02:57 (1357 turns).

Selrock the Sneak (Spriggan Enchanter)              Turns: 1357, Time: 00:02:58

Health: 0/16       AC:  2    Str:  6    XL:     3   Next: 5%
Magic:  8/8        EV: 17    Int: 16    God:    Qazlal [*.....]
Gold:   8          SH:  1    Dex: 15    Spells: 8/8 levels left

rFire   . . .      SeeInvis +   a - +1 dagger
rCold   . . .      Faith    .   (no shield)
rNeg    . . .      Spirit   .   b - +0 robe
rPois   .          Reflect  .   (helmet restricted)
rElec   .          Harm     .   (no cloak)
rCorr   .          Rampage  .   (gloves unavailable)
Will    .....                   (boots unavailable)
Stlth   +++.......              (no amulet)
HPRegen 0.05/turn               (no ring)
MPRegen 0.11/turn               (no ring)

@: lethally poisoned (0 -> -2), very quick
A: very small, no large weapons, unfitting armour, see invisible, speed 3
a: Renounce Religion


You were on level 1 of the Dungeon.
You worshipped Qazlal.
Qazlal was aware of your devotion.
You visited 1 branch of the dungeon, and saw 2 of its levels.

You collected 8 gold pieces.

Inventory:

Hand Weapons
 a - a +1 dagger (weapon)
Armour
 b - a +0 robe (worn)
 e - a +0 helmet
Scrolls
 h - a scroll of identify {unknown}
Potions
 c - a potion of invisibility
 d - a potion of flight {unknown}
 f - a potion of might {unknown}
 g - 2 potions of lignification {unknown}
 i - a potion of curing {unknown}


   Skills:
 + Level 1.7 Short Blades
 + Level 3.2 Dodging
 + Level 4.9 Stealth
 + Level 3.1 Spellcasting
 + Level 3.9 Hexes


You had 8 spell levels left.
You didn't know any spells.
Your spell library contained the following spells:

 Spells                   Type           Power      Damage    Failure   Level
 Confusing Touch          Hex            15%        N/A       11%         3
 Tukima's Dance           Hex            15%        N/A       11%         3
 Ensorcelled Hibernation  Hex/Ice        16%        N/A       12%         2
 Dazzling Flash           Conj/Hex       16%        N/A       24%         3


Dungeon Overview and Level Annotations

Branches:
Dungeon (2/15)

Altars:
Qazlal

Shops:
D:1 ?(:[(


Innate Abilities, Weirdness & Mutations

You are very small and have problems with some larger weapons.
You are too small for most types of armour.
You have supernaturally acute eyesight. (SInv)
You cover ground extremely quickly. (Speed+++)


Message History

The hobgoblin hits you.
You hit the hobgoblin but do no damage.
The hobgoblin is almost dead.
The hobgoblin closely misses you.
You closely miss the hobgoblin.
The hobgoblin is almost dead.
The hobgoblin misses you.
You barely miss the hobgoblin.
The hobgoblin is almost dead.
The hobgoblin completely misses you.
You closely miss the hobgoblin.
The hobgoblin is severely wounded.
The hobgoblin hits you.
You barely miss the hobgoblin.
The hobgoblin is severely wounded.
The hobgoblin barely misses you.
You closely miss the hobgoblin.
The hobgoblin is severely wounded.
The hobgoblin misses you.
You hit the hobgoblin.
You kill the hobgoblin!
You now have 8 gold pieces.
There is a faded altar of an unknown god here.
You cannot tell which god this altar belongs to.
Convert to them anyway?
Qazlal accepts your prayer! Qazlal welcomes you!
Qazlal grants you and your divine allies immunity to clouds.
You are now surrounded by a storm.
Found a stone staircase leading down.
There is a stone staircase leading down here.
Found 2 lumpy emerald potions.
g - 2 lumpy emerald potions
Found Ojawus's Weapon Emporium.
A hobgoblin comes into view.
Found a scroll labelled IDOYR REVEKHITARPH.
h - a scroll labelled IDOYR REVEKHITARPH The hobgoblin shouts!
A hobgoblin is nearby!
Found a human corpse.
Found a dagger and a blue potion.
Found 11 arrows.
The hobgoblin closely misses you. The hobgoblin misses you.
You barely miss the hobgoblin. The hobgoblin hits you.
You hit the hobgoblin but do no damage. You closely miss the hobgoblin.
The hobgoblin misses you.
You completely miss the hobgoblin. The hobgoblin hits you.
You closely miss the hobgoblin. The hobgoblin closely misses you.
You hit the hobgoblin.
The hobgoblin is heavily wounded.
The hobgoblin barely misses you.
You hit the hobgoblin.
You kill the hobgoblin!
Qazlal accepts your kill.
There is an entrance to Ojawus's Weapon Emporium here.
Found a stone staircase leading down.
i - a blue potion A bat comes into view.
A bat is nearby!
You hit the bat.
The bat is severely wounded.
The bat hits you but does no damage. The bat completely misses you.
You closely miss the bat.
The bat is severely wounded.
The bat closely misses you. The bat misses you.
You closely miss the bat.
The bat is severely wounded.
The bat closely misses you. The bat misses you. The bat barely misses you. x2
You closely miss the bat.
The bat is severely wounded.
The bat completely misses you.
You hit the bat.
You kill the bat!
Qazlal accepts your kill.
Found Biylaim's Armour Emporium.
Found 10 arrows.
A rat comes into view.
Found an escape hatch in the floor.
There is an entrance to Biylaim's Armour Emporium here.
You closely miss the rat. The rat misses you.
You hit the rat but do no damage. You hit the rat.
You kill the rat!
Qazlal accepts your kill.
You see here a rat corpse.
There is an entrance to Biylaim's Armour Emporium here.
Done exploring.
Done exploring.
There is a stone staircase leading down here.
You climb downwards.
The frilled lizard hisses angrily.
Found 8 gold pieces.
There is a stone staircase leading up here.
You hit the adder.
The adder is moderately wounded.
The adder misses you.
You hit the adder.
The adder is moderately wounded.
The adder misses you.
You hit the adder.
The adder is severely wounded.
The adder bites you.
You are poisoned.
The adder poisons you!
You closely miss the adder.
The adder is severely wounded.
You feel sick. The adder barely misses you.
You hit the adder.
The adder is almost dead.
You feel sick. The adder completely misses you.
The dart slug launches a dart at you. The slug dart misses you.
You feel sick. The adder closely misses you. The adder barely misses you.
You climb upwards.
You feel sick.
You are no longer poisoned.
There is a stone staircase leading down here.
You barely miss the adder.
The adder is almost dead.
The adder barely misses you.
You hit the adder.
The adder is almost dead.
The adder misses you.
You closely miss the adder.
The adder is almost dead.
The adder bites you.
* * * LOW HITPOINT WARNING * * *
You hit the adder.
You kill the adder!
Qazlal accepts your kill.
You have reached level 3!
Your experience leads to an increase in your attributes!
Increase (S)trength, (I)ntelligence, or (D)exterity?
You feel stronger. x2
You start resting.
HP restored.
You climb downwards.
The rat closely misses you. The frilled lizard closely misses you.
The rat barely misses you. You block the frilled lizard's attack.
The dart slug launches a dart at you.
The slug dart hits you but does no damage.
There is a stone staircase leading up here.
The rat completely misses you. The frilled lizard closely misses you.
You climb upwards.
There is a stone staircase leading down, spattered with blood here.
You hit the frilled lizard.
You kill the frilled lizard!
Qazlal accepts your kill. The rat misses you.
You closely miss the rat. You hit the rat.
You kill the rat!
Qazlal accepts your kill.
There is a stone staircase leading down, spattered with blood here.
You climb downwards.
The adder hisses angrily.
An adder comes into view.
The dart slug launches a dart at you. The slug dart hits you.
There is a stone staircase leading up here.
An endoplasm comes into view.
Found a stone staircase leading down.
You completely miss the adder. The adder closely misses you.
You closely miss the adder.
The endoplasm quivers.
The adder misses you.
The adder hisses angrily.
There is a stone staircase leading up here.
The adder barely misses you. The adder closely misses you.
You climb upwards.
There is a stone staircase leading down, spattered with blood here.
You barely miss the adder. The adder bites you.
You hit the adder.
The adder is heavily wounded.
The adder closely misses you.
You hit the adder.
The adder is heavily wounded.
The adder misses you.
You barely miss the adder.
The adder is heavily wounded.
The adder bites you.
You barely miss the adder.
The adder is heavily wounded.
The adder bites you.
* * * LOW HITPOINT WARNING * * *
You are lethally poisoned!
The adder poisons you! The adder completely misses you.
You miss the adder.
The adder is heavily wounded.
* * * LOW HITPOINT WARNING * * *
You feel sick. The adder misses you.
You hit the adder.
The adder is severely wounded.
* * * LOW HITPOINT WARNING * * *
You feel sick. You block the adder's attack.
You closely miss the adder.
The adder is severely wounded.
* * * LOW HITPOINT WARNING * * *
You feel sick. The adder barely misses you.
You die...

..####........#####
.........##.......#
#####..####..####.###
###..## #..# #...##
##### ##...## #..#
###..#####...# #..###
##..# ###...##...#
#.## #...#
#####....÷#.(.# #.#
#.#.###..........####
#.#
#.#.##.@#....∩...#
#.#
#.#..S>##........#
..#
#.#..######)....##
### #.#..# ##...## #
#.#..######..###
##........##.##
##..######....# #...#
##..## # ##### ##.#


You could see an adder.

Vanquished Creatures
  An adder (D:1)
  A giant cockroach (D:1)
  4 goblins (D:1)
  3 hobgoblins (D:1)
  2 kobolds (D:1)
  A quokka (D:1)
  A ball python (D:1)
  3 bats (D:1)
  A frilled lizard (D:1)
  3 rats (D:1)
20 creatures vanquished.

Notes
Turn   | Place    | Note
-------+----------+-------------------------------------------
     0 | D:1      | Selrock the Spriggan Enchanter began the quest for the Orb.
     0 | D:1      | Reached XP level 1. HP: 9/9 MP: 5/5
   195 | D:1      | Found Rishraeh's Book Boutique.
   216 | D:1      | Reached XP level 2. HP: 13/13 MP: 6/6
   394 | D:1      | Found Ikeeqem's Magic Scroll Shop.
   432 | D:1      | Found Qafudwe's Antique Weapon Emporium.
   570 | D:1      | Found a faded altar of an unknown god.
   596 | D:1      | Prayed at the altar of an unknown god.
   596 | D:1      | Became a worshipper of Qazlal Stormbringer
   596 | D:1      | Reached * piety under Qazlal
   759 | D:1      | Found Ojawus's Weapon Emporium.
   984 | D:1      | Found Biylaim's Armour Emporium.
  1094 | D:1      | Reached XP level 3. HP: 4/16 MP: 8/8
  1357 | D:1      | Succumbed to an adder's poison

Illustrated notes

Levels and vault maps discovered:
D:1:      nicolae_arrival_washed_ashore, layout_rooms, serial_shops,
          nicolae_shop_bloodbath_and_beyond, shop, shop_fountains, shop, shop,
          dreamdust_ecumenical_altar_grove
D:2:      cheibrodos_helix_gallery, layout_rooms, uniq_jessica

Skill      XL: |  1  2 |
---------------+-------+-----
Dodging        | 3 |  3.2
Spellcasting   | 3 |  3.1
Short Blades   | |  1.7
Stealth        | |  4.9
Hexes          | |  3.9

Action                   || total
-------------------------++-------
Melee: Dagger            ||    96
 Stab: Sleeping          ||     2
Armor: Robe              ||     7
Dodge: Dodged            ||    92
Block: Other             ||     2
